[ AOE2 MATCH · #508010302 ]
UnrankedBulgarians vs Vietnamese
Player's team · WIN
Rival team · LOSS
[ REPLAY ANALYSIS · EXTRACTED FROM THE RECORDED GAME ]
Feudal
16:09
Castle
20:06
Imperial
—
| APM avg | 44.5 |
| APM peak | 107 |
| eAPM avg | 18.6 |
| Villagers / military | 38 / 25 |
Focus
⚔️ 28.8% · 🌾 71.2%
Konnik ×17 · Militia ×8
Feudal
13:48
Castle
23:17
Imperial
—
| APM avg | 39.6 |
| APM peak | 74 |
| eAPM avg | 19.9 |
| Villagers / military | 43 / 32 |
Focus
⚔️ 19.6% · 🌾 80.4%
Archer ×18 · Fire Lancer ×6 · Militia ×3 · Spearman ×3 · Skirmisher ×2
Match map
Initial resources + every placement click. Lines = walls · curves = elevation contours. ◆ gold · ⬟ stone · ● berries · ✦ relic · ◌ wall gap
Your base· Open — opponent sealed themselves in
matej's base· ✓ Closed at 23:17 · 20t walls · no gate
Smoothed initial terrain · ◌ = detected wall gap · hover for details
Inputs per minute
— JeanLuc Petard - - matej
Build order — JeanLuc Petard
106 actions detected in the replay
| 0:00 | Queue | Villager (Male) |
| 0:00 | Queue | Villager (Male) |
| 0:01 | Queue | Villager (Male) |
| 0:02 | Build | House |
| 0:04 | Build | House |
| 1:02 | Queue | Villager (Male) |
| 1:09 | Queue | Villager (Male) |
| 2:05 | Queue | Villager (Male) |
| 2:26 | Queue | Villager (Male) |
| 2:44 | Build | Barracks |
| 3:10 | Queue | Villager (Male) |
| 3:29 | Queue | Villager (Male) |
| 3:29 | Queue | Villager (Male) |
| 3:39 | Build | House |
| 3:40 | Build | House |
| 4:04 | Queue | Villager (Male) |
| 4:14 | Queue | Militia |
| 4:14 | Queue | Militia |
| 4:46 | Queue | Militia |
| 4:46 | Queue | Militia |
| 4:56 | Queue | Villager (Male) |
| 4:56 | Queue | Villager (Male) |
| 5:27 | Queue | Villager (Male) |
| 5:45 | Queue | Villager (Male) |
| 5:45 | Queue | Villager (Male) |
| 6:27 | Queue | Villager (Male) |
| 6:27 | Queue | Villager (Male) |
| 6:27 | Queue | Villager (Male) |
| 6:29 | Queue | Militia |
| 6:30 | Queue | Militia |
| 6:36 | Build | House |
| 7:18 | Queue | Militia |
| 7:58 | Queue | Villager (Male) |
| 7:58 | Queue | Villager (Male) |
| 7:58 | Queue | Villager (Male) |
| 8:11 | Build | House |
| 8:33 | Build | Mill |
| 8:34 | Queue | Villager (Male) |
| 8:42 | Build | House |
| 9:13 | Build | Mining Camp |
| 9:16 | Queue | Villager (Male) |
| 9:22 | Build | Farm |
| 9:22 | Build | Farm |
| 9:22 | Build | Farm |
| 9:22 | Build | Farm |
| 9:36 | Build | Lumber Camp |
| 9:38 | Queue | Villager (Male) |
| 10:05 | Queue | Villager (Male) |
| 10:23 | Queue | Villager (Male) |
| 10:29 | Build | Farm |
| 10:32 | Build | Farm |
| 10:38 | Research | Loom |
| 11:03 | Build | Farm |
| 11:18 | Queue | Villager (Male) |
| 11:43 | Queue | Villager (Male) |
| 11:49 | Build | Farm |
| 11:55 | Build | Farm |
| 12:04 | Queue | Villager (Male) |
| 12:19 | Build | House |
| 12:31 | Queue | Militia |
| 13:04 | Build | House |
| 13:08 | Queue | Villager (Male) |
| 13:31 | Build | House |
| 13:32 | Build | Palisade Wall |
| 13:34 | Queue | Villager (Male) |
| 13:47 | Build | Mining Camp |
| 13:47 | Research | Feudal Age |
| 13:56 | Build | Palisade Wall |
| 13:59 | Build | Palisade Wall |
| 15:47 | Build | Farm |
| 16:09 | Age | Feudal Age |
| 16:12 | Build | Market |
| 16:48 | Build | Blacksmith |
| 17:26 | Research | Castle Age |
| 17:43 | Build | Farm |
| 18:19 | Queue | Villager (Male) |
| 18:19 | Queue | Villager (Male) |
| 18:47 | Build | Mill |
| 19:01 | Research | Scale Barding Armor |
| 19:32 | Build | Farm |
| 20:06 | Age | Castle Age |
| 20:08 | Build | Krepost |
| 20:53 | Queue | Konnik |
| 20:57 | Queue | Konnik |
| 20:57 | Queue | Konnik |
| 20:57 | Queue | Konnik |
| 21:08 | Queue | Villager (Male) |
| 21:09 | Build | Farm |
| 21:39 | Queue | Konnik |
| 22:26 | Queue | Konnik |
| 22:50 | Queue | Konnik |
| 23:17 | Queue | Konnik |
| 23:17 | Queue | Konnik |
| 23:57 | Queue | Konnik |
| 23:57 | Queue | Konnik |
| 24:14 | Build | Farm |
| 24:36 | Queue | Konnik |
| 24:44 | Queue | Konnik |
| 24:44 | Queue | Konnik |
| 25:24 | Queue | Villager (Male) |
| 25:24 | Queue | Villager (Male) |
| 25:24 | Queue | Villager (Male) |
| 25:31 | Queue | Konnik |
| 25:32 | Queue | Konnik |
| 25:32 | Queue | Konnik |
| 25:55 | Build | Krepost |
Build order — matej
First 150 of 154 actions detected
| 0:00 | Queue | Villager (Male) |
| 0:00 | Queue | Villager (Male) |
| 0:02 | Build | House |
| 0:02 | Build | House |
| 0:28 | Queue | Villager (Male) |
| 0:47 | Queue | Villager (Male) |
| 1:29 | Queue | Villager (Male) |
| 1:54 | Build | Lumber Camp |
| 2:10 | Queue | Villager (Male) |
| 2:27 | Queue | Villager (Male) |
| 2:53 | Queue | Villager (Male) |
| 3:20 | Queue | Villager (Male) |
| 3:32 | Build | House |
| 3:48 | Queue | Villager (Male) |
| 4:00 | Queue | Villager (Male) |
| 4:40 | Queue | Villager (Male) |
| 4:41 | Queue | Villager (Male) |
| 5:19 | Research | Loom |
| 5:43 | Build | Barracks |
| 5:49 | Queue | Villager (Male) |
| 5:49 | Queue | Villager (Male) |
| 5:50 | Queue | Villager (Male) |
| 6:14 | Queue | Militia |
| 6:28 | Queue | Militia |
| 6:40 | Build | House |
| 7:00 | Build | House |
| 7:26 | Build | House |
| 7:38 | Queue | Villager (Male) |
| 7:53 | Queue | Militia |
| 8:00 | Queue | Villager (Male) |
| 8:27 | Queue | Villager (Male) |
| 9:22 | Queue | Villager (Male) |
| 9:28 | Queue | Villager (Male) |
| 9:55 | Build | Mill |
| 10:08 | Queue | Villager (Male) |
| 10:39 | Queue | Villager (Male) |
| 10:53 | Build | Farm |
| 10:54 | Build | Farm |
| 10:55 | Build | Farm |
| 11:03 | Build | Farm |
| 11:06 | Queue | Villager (Male) |
| 11:32 | Build | House |
| 11:33 | Build | House |
| 11:38 | Research | Feudal Age |
| 11:43 | Build | Mining Camp |
| 12:18 | Build | House |
| 12:25 | Build | House |
| 12:29 | Build | Palisade Wall |
| 12:39 | Build | Farm |
| 12:52 | Build | House |
| 12:57 | Build | Palisade Wall |
| 13:01 | Build | House |
| 13:07 | Build | Palisade Wall |
| 13:22 | Queue | Villager (Male) |
| 13:48 | Age | Feudal Age |
| 13:59 | Build | Archery Range |
| 14:11 | Build | House |
| 14:16 | Build | Palisade Wall |
| 14:19 | Build | Palisade Wall |
| 14:22 | Queue | Villager (Male) |
| 14:22 | Queue | Villager (Male) |
| 14:23 | Queue | Villager (Male) |
| 14:28 | Research | Double-Bit Axe |
| 14:31 | Research | Horse Collar |
| 14:46 | Build | Lumber Camp |
| 14:55 | Build | House |
| 14:56 | Build | House |
| 15:00 | Queue | Archer |
| 15:01 | Queue | Archer |
| 15:19 | Build | House |
| 15:29 | Build | House |
| 15:32 | Build | Palisade Wall |
| 15:36 | Queue | Villager (Male) |
| 15:36 | Queue | Villager (Male) |
| 15:53 | Build | Blacksmith |
| 15:55 | Queue | Archer |
| 15:56 | Queue | Archer |
| 16:05 | Build | Farm |
| 16:19 | Build | Farm |
| 16:20 | Queue | Villager (Male) |
| 16:28 | Queue | Archer |
| 16:28 | Queue | Archer |
| 16:34 | Build | Farm |
| 16:40 | Build | Farm |
| 16:42 | Queue | Villager (Male) |
| 16:54 | Build | Farm |
| 17:12 | Research | Fletching |
| 17:16 | Research | Gold Mining |
| 17:17 | Queue | Villager (Male) |
| 17:19 | Build | Farm |
| 17:39 | Queue | Archer |
| 17:40 | Queue | Archer |
| 17:41 | Queue | Villager (Male) |
| 17:42 | Queue | Villager (Male) |
| 17:44 | Build | Farm |
| 17:48 | Build | Farm |
| 17:48 | Build | Farm |
| 17:51 | Build | Farm |
| 18:05 | Queue | Skirmisher |
| 18:06 | Queue | Skirmisher |
| 18:16 | Queue | Villager (Male) |
| 18:26 | Build | Farm |
| 18:32 | Build | Farm |
| 18:36 | Build | Farm |
| 18:40 | Build | Farm |
| 18:42 | Queue | Villager (Male) |
| 19:18 | Queue | Villager (Male) |
| 19:19 | Queue | Villager (Male) |
| 19:27 | Queue | Archer |
| 19:28 | Queue | Archer |
| 19:29 | Queue | Archer |
| 19:49 | Build | Farm |
| 19:51 | Build | Farm |
| 19:53 | Queue | Villager (Male) |
| 20:02 | Build | Farm |
| 20:30 | Research | Castle Age |
| 20:33 | Build | Farm |
| 20:58 | Queue | Spearman |
| 20:58 | Queue | Spearman |
| 21:20 | Build | Archery Range |
| 21:33 | Build | Barracks |
| 21:35 | Build | House |
| 21:56 | Research | Padded Archer Armor |
| 21:57 | Research | Scale Mail Armor |
| 22:14 | Build | House |
| 22:15 | Build | House |
| 22:31 | Queue | Archer ×5 |
| 22:39 | Queue | Spearman |
| 22:46 | Queue | Villager (Male) |
| 23:01 | Build | House |
| 23:10 | Queue | Villager (Male) |
| 23:11 | Queue | Villager (Male) |
| 23:16 | Build | Farm |
| 23:17 | Age | Castle Age |
| 23:21 | Research | Crossbowman (upgrade) |
| 23:22 | Queue | Fire Lancer |
| 23:23 | Queue | Fire Lancer |
| 23:44 | Build | House |
| 24:39 | Build | Mining Camp |
| 24:41 | Build | House |
| 24:45 | Build | House |
| 24:55 | Build | Market |
| 25:23 | Build | Lumber Camp |
| 25:28 | Queue | Archer |
| 25:28 | Queue | Archer |
| 25:50 | Queue | Fire Lancer |
| 25:51 | Queue | Fire Lancer |
| 25:51 | Queue | Fire Lancer |
| 25:55 | Research | Chain Mail Armor |
| 25:58 | Research | Bodkin Arrow |
Match timeline
| 2:44 | JeanLuc Petard · first_building Barracks |
| 5:43 | matej · first_building Barracks |
| 12:29 | matej · wall_segment Palisade Wall x2 |
| 12:57 | matej · wall_segment Palisade Wall x5 |
| 13:07 | matej · wall_segment Palisade Wall x4 |
| 13:32 | JeanLuc Petard · wall_segment Palisade Wall x1 |
| 13:48 | matej · age_up feudal |
| 13:56 | JeanLuc Petard · wall_segment Palisade Wall x1 |
| 13:59 | matej · first_building Archery Range |
| 13:59 | JeanLuc Petard · wall_segment Palisade Wall x3 |
| 14:16 | matej · wall_segment Palisade Wall x5 |
| 14:19 | matej · wall_segment Palisade Wall x3 |
| 15:32 | matej · wall_segment Palisade Wall x1 |
| 16:09 | JeanLuc Petard · age_up feudal |
| 16:45 | JeanLuc Petard · first_market_buy 100 wood |
| 16:50 | JeanLuc Petard · first_market_sell 100 stone |
| 20:06 | JeanLuc Petard · age_up castle |
| 20:08 | JeanLuc Petard · first_building Krepost |
| 23:17 | matej · age_up castle |
| 25:49 | matej · first_market_sell 500 food |
| 27:02 | matej · resign |
[ AI ANALYSIS · 1 CREDIT ]
What really happened in this match?
Wolo.gg analyzes every decision: build order, eco, micro, common mistakes by bracket. Personalized analysis on WhatsApp or Discord in 30 seconds.
Civ guide
Bulgarians
Perfil
JeanLuc Petard